Workbook

Sheet Leia-me
A1: PLANILHA DE CONTROLE DE FROTA — FroX
A3: Gratuita. Use, copie, mude o que quiser. Feita para transportadora pequena e caminhoneiro autonomo.
A5: COMO USAR — na ordem
A6: 1. Aba CAMINHOES: cadastre a placa de cada caminhao. Faca isso primeiro: as outras abas puxam daqui.
A7: 2. Aba ABASTECIMENTOS: lance cada abastecida (data, placa, km do painel, litros, valor por litro).
A8: 3. Aba VIAGENS: lance cada frete (km rodados, valor do frete, adiantamento, despesas da viagem).
A9: 4. Aba CUSTOS FIXOS: o que voce paga todo mes independente de rodar (parcela, seguro, salario, contador).
A10: 5. Aba RESUMO: nao digite nada. Ela calcula sozinha a media, o custo por km e o resultado de cada caminhao.
A12: O QUE ELA CALCULA SOZINHA
A13: - Media do caminhao em km por litro, abastecida por abastecida
A14: - Custo por quilometro rodado (CPK), separando o que e variavel do que e fixo
A15: - Resultado de cada viagem: sobrou ou faltou dinheiro naquele frete
... A32: FroX e um produto da VisionX · CNPJ 61.427.918/0001-06 · Pedreiras, MA · Atende todo o Brasil

Sheet Caminhoes
A1: Placa | B1: Apelido | C1: Modelo | D1: Ano | E1: Km inicial | F1: Observacao
A2: ABC1D23 | B2: Vermelho | C2: Volvo FH 460 | D2: 2019 | E2: 480000 | F2: exemplo - pode apagar

Sheet Abastecimentos
A1: Data | B1: Placa | C1: Km do painel | D1: Litros | E1: Valor por litro | F1: Total pago | G1: Km rodados | H1: Media (km/L) | I1: Posto / obs
A2: =DATE(2026,1,5) | B2: ABC1D23 | C2: 480000 | D2: 350 | E2: 6.1 | F2: =IF(D2="","",D2*E2) | H2: =IF(OR(G2="",D2=""),"",G2/D2)
F3: =IF(D3="","",D3*E3) | G3: =IF(OR(C3="",B3=""),"",IFERROR(C3-LOOKUP(2,1/(($B$2:$B2=B3)*($C$2:$C2<>"")),$C$2:$C2),"")) | H3: =IF(OR(G3="",D3=""),"",G3/D3)
F4: =IF(D4="","",D4*E4) | G4: =IF(OR(C4="",B4=""),"",IFERROR(C4-LOOKUP(2,1/(($B$2:$B3=B4)*($C$2:$C3<>"")),$C$2:$C3),"")) | H4: =IF(OR(G4="",D4=""),"",G4/D4)
F5: =IF(D5="","",D5*E5) | G5: =IF(OR(C5="",B5=""),"",IFERROR(C5-LOOKUP(2,1/(($B$2:$B4=B5)*($C$2:$C4<>"")),$C$2:$C4),"")) | H5: =IF(OR(G5="",D5=""),"",G5/D5)
F6: =IF(D6="","",D6*E6) | G6: =IF(OR(C6="",B6=""),"",IFERROR(C6-LOOKUP(2,1/(($B$2:$B5=B6)*($C$2:$C5<>"")),$C$2:$C5),"")) | H6: =IF(OR(G6="",D6=""),"",G6/D6)
F7: =IF(D7="","",D7*E7) | G7: =IF(OR(C7="",B7=""),"",IFERROR(C7-LOOKUP(2,1/(($B$2:$B6=B7)*($C$2:$C6<>"")),$C$2:$C6),"")) | H7: =IF(OR(G7="",D7=""),"",G7/D7)
F8: =IF(D8="","",D8*E8) | G8: =IF(OR(C8="",B8=""),"",IFERROR(C8-LOOKUP(2,1/(($B$2:$B7=B8)*($C$2:$C7<>"")),$C$2:$C7),"")) | H8: =IF(OR(G8="",D8=""),"",G8/D8)
F9: =IF(D9="","",D9*E9) | G9: =IF(OR(C9="",B9=""),"",IFERROR(C9-LOOKUP(2,1/(($B$2:$B8=B9)*($C$2:$C8<>"")),$C$2:$C8),"")) | H9: =IF(OR(G9="",D9=""),"",G9/D9)
F10: =IF(D10="","",D10*E10) | G10: =IF(OR(C10="",B10=""),"",IFERROR(C10-LOOKUP(2,1/(($B$2:$B9=B10)*($C$2:$C9<>"")),$C$2:$C9),"")) | H10: =IF(OR(G10="",D10=""),"",G10/D10)
F11: =IF(D11="","",D11*E11) | G11: =IF(OR(C11="",B11=""),"",IFERROR(C11-LOOKUP(2,1/(($B$2:$B10=B11)*($C$2:$C10<>"")),$C$2:$C10),"")) | H11: =IF(OR(G11="",D11=""),"",G11/D11)
F12: =IF(D12="","",D12*E12) | G12: =IF(OR(C12="",B12=""),"",IFERROR(C12-LOOKUP(2,1/(($B$2:$B11=B12)*($C$2:$C11<>"")),$C$2:$C11),"")) | H12: =IF(OR(G12="",D12=""),"",G12/D12)
F13: =IF(D13="","",D13*E13) | G13: =IF(OR(C13="",B13=""),"",IFERROR(C13-LOOKUP(2,1/(($B$2:$B12=B13)*($C$2:$C12<>"")),$C$2:$C12),"")) | H13: =IF(OR(G13="",D13=""),"",G13/D13)
F14: =IF(D14="","",D14*E14) | G14: =IF(OR(C14="",B14=""),"",IFERROR(C14-LOOKUP(2,1/(($B$2:$B13=B14)*($C$2:$C13<>"")),$C$2:$C13),"")) | H14: =IF(OR(G14="",D14=""),"",G14/D14)
... F500: =IF(D500="","",D500*E500) | G500: =IF(OR(C500="",B500=""),"",IFERROR(C500-LOOKUP(2,1/(($B$2:$B499=B500)*($C$2:$C499<>"")),$C$2:$C499),"")) | H500: =IF(OR(G500="",D500=""),"",G500/D500)

Sheet Viagens
A1: Data saida | B1: Placa | C1: Motorista | D1: Origem | E1: Destino | F1: Km rodados | G1: Valor do frete | H1: Diesel da viagem | I1: Pedagio | J1: Outras despesas | K1: Comissao do motorista | L1: Resultado da viagem | M1: R$ por km
A2: =DATE(2026,1,6) | B2: ABC1D23 | C2: Jose | D2: Pedreiras/MA | E2: Goiania/GO | F2: 1850 | G2: 9000 | H2: 3400 | I2: 620 | J2: 350 | K2: 900 | L2: =IF(G2="","",G2-SUM(H2:K2)) | M2: =IF(OR(F2="",F2=0,G2=""),"",G2/F2)
L3: =IF(G3="","",G3-SUM(H3:K3)) | M3: =IF(OR(F3="",F3=0,G3=""),"",G3/F3)
L4: =IF(G4="","",G4-SUM(H4:K4)) | M4: =IF(OR(F4="",F4=0,G4=""),"",G4/F4)
L5: =IF(G5="","",G5-SUM(H5:K5)) | M5: =IF(OR(F5="",F5=0,G5=""),"",G5/F5)
L6: =IF(G6="","",G6-SUM(H6:K6)) | M6: =IF(OR(F6="",F6=0,G6=""),"",G6/F6)
L7: =IF(G7="","",G7-SUM(H7:K7)) | M7: =IF(OR(F7="",F7=0,G7=""),"",G7/F7)
L8: =IF(G8="","",G8-SUM(H8:K8)) | M8: =IF(OR(F8="",F8=0,G8=""),"",G8/F8)
L9: =IF(G9="","",G9-SUM(H9:K9)) | M9: =IF(OR(F9="",F9=0,G9=""),"",G9/F9)
L10: =IF(G10="","",G10-SUM(H10:K10)) | M10: =IF(OR(F10="",F10=0,G10=""),"",G10/F10)
L11: =IF(G11="","",G11-SUM(H11:K11)) | M11: =IF(OR(F11="",F11=0,G11=""),"",G11/F11)
L12: =IF(G12="","",G12-SUM(H12:K12)) | M12: =IF(OR(F12="",F12=0,G12=""),"",G12/F12)
L13: =IF(G13="","",G13-SUM(H13:K13)) | M13: =IF(OR(F13="",F13=0,G13=""),"",G13/F13)
L14: =IF(G14="","",G14-SUM(H14:K14)) | M14: =IF(OR(F14="",F14=0,G14=""),"",G14/F14)
... L500: =IF(G500="","",G500-SUM(H500:K500)) | M500: =IF(OR(F500="",F500=0,G500=""),"",G500/F500)

Sheet Custos fixos
A1: Mes de referencia | B1: Placa | C1: Descricao | D1: Valor no mes
A2: =DATE(2026,1,1) | B2: ABC1D23 | C2: Parcela do financiamento | D2: 4200
A3: =DATE(2026,1,1) | B3: ABC1D23 | C3: Seguro | D3: 780
A4: =DATE(2026,1,1) | B4: ABC1D23 | C4: Salario do motorista | D4: 2800
A5: =DATE(2026,1,1) | B5: ABC1D23 | C5: Contador / taxas | D5: 400
C7: (exemplos - apague e ponha os seus)

Sheet Resumo
A1: Placa | B1: Km rodados | C1: Litros | D1: Media (km/L) | E1: Gasto com diesel | F1: Pedagio + outras | G1: Comissao | H1: Custos fixos | I1: Custo total | J1: CPK variavel | K1: CPK total | L1: Receita de frete | M1: Resultado
A2: =IF(Caminhoes!A2="","",Caminhoes!A2) | B2: =IF(A2="","",SUMIF(Viagens!$B$2:$B$500,A2,Viagens!$F$2:$F$500)) | C2: =IF(A2="","",SUMIF(Abastecimentos!$B$2:$B$500,A2,Abastecimentos!$D$2:$D$500)) | D2: =IF(OR(A2="",C2=0,SUMIF(Abastecimentos!$B$2:$B$500,A2,Abastecimentos!$G$2:$G$500)=0),"",SUMIF(Abastecimentos!$B$2:$B$500,A2,Abastecimentos!$G$2:$G$500)/C2) | E2: =IF(A2="","",SUMIF(Abastecimentos!$B$2:$B$500,A2,Abastecimentos!$F$2:$F$500)) | F2: =IF(A2="","",SUMIF(Viagens!$B$2:$B$500,A2,Viagens!$I$2:$I$500)+SUMIF(Viagens!$B$2:$B$500,A2,Viagens!$J$2:$J$500)) | G2: =IF(A2="","",SUMIF(Viagens!$B$2:$B$500,A2,Viagens!$K$2:$K$500)) | H2: =IF(A2="","",SUMIF('Custos fixos'!$B$2:$B$500,A2,'Custos fixos'!$D$2:$D$500)) | I2: =IF(A2="","",SUM(E2:H2)) | J2: =IF(OR(A2="",B2=0),"",SUM(E2:G2)/B2) | K2: =IF(OR(A2="",B2=0),"",I2/B2) | L2: =IF(A2="","",SUMIF(Viagens!$B$2:$B$500,A2,Viagens!$G$2:$G$500)) | M2: =IF(A2="","",L2-I2)
A3: =IF(Caminhoes!A3="","",Caminhoes!A3) | B3: =IF(A3="","",SUMIF(Viagens!$B$2:$B$500,A3,Viagens!$F$2:$F$500)) | C3: =IF(A3="","",SUMIF(Abastecimentos!$B$2:$B$500,A3,Abastecimentos!$D$2:$D$500)) | D3: =IF(OR(A3="",C3=0,SUMIF(Abastecimentos!$B$2:$B$500,A3,Abastecimentos!$G$2:$G$500)=0),"",SUMIF(Abastecimentos!$B$2:$B$500,A3,Abastecimentos!$G$2:$G$500)/C3) | E3: =IF(A3="","",SUMIF(Abastecimentos!$B$2:$B$500,A3,Abastecimentos!$F$2:$F$500)) | F3: =IF(A3="","",SUMIF(Viagens!$B$2:$B$500,A3,Viagens!$I$2:$I$500)+SUMIF(Viagens!$B$2:$B$500,A3,Viagens!$J$2:$J$500)) | G3: =IF(A3="","",SUMIF(Viagens!$B$2:$B$500,A3,Viagens!$K$2:$K$500)) | H3: =IF(A3="","",SUMIF('Custos fixos'!$B$2:$B$500,A3,'Custos fixos'!$D$2:$D$500)) | I3: =IF(A3="","",SUM(E3:H3)) | J3: =IF(OR(A3="",B3=0),"",SUM(E3:G3)/B3) | K3: =IF(OR(A3="",B3=0),"",I3/B3) | L3: =IF(A3="","",SUMIF(Viagens!$B$2:$B$500,A3,Viagens!$G$2:$G$500)) | M3: =IF(A3="","",L3-I3)
A4: =IF(Caminhoes!A4="","",Caminhoes!A4) | B4: =IF(A4="","",SUMIF(Viagens!$B$2:$B$500,A4,Viagens!$F$2:$F$500)) | C4: =IF(A4="","",SUMIF(Abastecimentos!$B$2:$B$500,A4,Abastecimentos!$D$2:$D$500)) | D4: =IF(OR(A4="",C4=0,SUMIF(Abastecimentos!$B$2:$B$500,A4,Abastecimentos!$G$2:$G$500)=0),"",SUMIF(Abastecimentos!$B$2:$B$500,A4,Abastecimentos!$G$2:$G$500)/C4) | E4: =IF(A4="","",SUMIF(Abastecimentos!$B$2:$B$500,A4,Abastecimentos!$F$2:$F$500)) | F4: =IF(A4="","",SUMIF(Viagens!$B$2:$B$500,A4,Viagens!$I$2:$I$500)+SUMIF(Viagens!$B$2:$B$500,A4,Viagens!$J$2:$J$500)) | G4: =IF(A4="","",SUMIF(Viagens!$B$2:$B$500,A4,Viagens!$K$2:$K$500)) | H4: =IF(A4="","",SUMIF('Custos fixos'!$B$2:$B$500,A4,'Custos fixos'!$D$2:$D$500)) | I4: =IF(A4="","",SUM(E4:H4)) | J4: =IF(OR(A4="",B4=0),"",SUM(E4:G4)/B4) | K4: =IF(OR(A4="",B4=0),"",I4/B4) | L4: =IF(A4="","",SUMIF(Viagens!$B$2:$B$500,A4,Viagens!$G$2:$G$500)) | M4: =IF(A4="","",L4-I4)
A5: =IF(Caminhoes!A5="","",Caminhoes!A5) | B5: =IF(A5="","",SUMIF(Viagens!$B$2:$B$500,A5,Viagens!$F$2:$F$500)) | C5: =IF(A5="","",SUMIF(Abastecimentos!$B$2:$B$500,A5,Abastecimentos!$D$2:$D$500)) | D5: =IF(OR(A5="",C5=0,SUMIF(Abastecimentos!$B$2:$B$500,A5,Abastecimentos!$G$2:$G$500)=0),"",SUMIF(Abastecimentos!$B$2:$B$500,A5,Abastecimentos!$G$2:$G$500)/C5) | E5: =IF(A5="","",SUMIF(Abastecimentos!$B$2:$B$500,A5,Abastecimentos!$F$2:$F$500)) | F5: =IF(A5="","",SUMIF(Viagens!$B$2:$B$500,A5,Viagens!$I$2:$I$500)+SUMIF(Viagens!$B$2:$B$500,A5,Viagens!$J$2:$J$500)) | G5: =IF(A5="","",SUMIF(Viagens!$B$2:$B$500,A5,Viagens!$K$2:$K$500)) | H5: =IF(A5="","",SUMIF('Custos fixos'!$B$2:$B$500,A5,'Custos fixos'!$D$2:$D$500)) | I5: =IF(A5="","",SUM(E5:H5)) | J5: =IF(OR(A5="",B5=0),"",SUM(E5:G5)/B5) | K5: =IF(OR(A5="",B5=0),"",I5/B5) | L5: =IF(A5="","",SUMIF(Viagens!$B$2:$B$500,A5,Viagens!$G$2:$G$500)) | M5: =IF(A5="","",L5-I5)
A6: =IF(Caminhoes!A6="","",Caminhoes!A6) | B6: =IF(A6="","",SUMIF(Viagens!$B$2:$B$500,A6,Viagens!$F$2:$F$500)) | C6: =IF(A6="","",SUMIF(Abastecimentos!$B$2:$B$500,A6,Abastecimentos!$D$2:$D$500)) | D6: =IF(OR(A6="",C6=0,SUMIF(Abastecimentos!$B$2:$B$500,A6,Abastecimentos!$G$2:$G$500)=0),"",SUMIF(Abastecimentos!$B$2:$B$500,A6,Abastecimentos!$G$2:$G$500)/C6) | E6: =IF(A6="","",SUMIF(Abastecimentos!$B$2:$B$500,A6,Abastecimentos!$F$2:$F$500)) | F6: =IF(A6="","",SUMIF(Viagens!$B$2:$B$500,A6,Viagens!$I$2:$I$500)+SUMIF(Viagens!$B$2:$B$500,A6,Viagens!$J$2:$J$500)) | G6: =IF(A6="","",SUMIF(Viagens!$B$2:$B$500,A6,Viagens!$K$2:$K$500)) | H6: =IF(A6="","",SUMIF('Custos fixos'!$B$2:$B$500,A6,'Custos fixos'!$D$2:$D$500)) | I6: =IF(A6="","",SUM(E6:H6)) | J6: =IF(OR(A6="",B6=0),"",SUM(E6:G6)/B6) | K6: =IF(OR(A6="",B6=0),"",I6/B6) | L6: =IF(A6="","",SUMIF(Viagens!$B$2:$B$500,A6,Viagens!$G$2:$G$500)) | M6: =IF(A6="","",L6-I6)
A7: =IF(Caminhoes!A7="","",Caminhoes!A7) | B7: =IF(A7="","",SUMIF(Viagens!$B$2:$B$500,A7,Viagens!$F$2:$F$500)) | C7: =IF(A7="","",SUMIF(Abastecimentos!$B$2:$B$500,A7,Abastecimentos!$D$2:$D$500)) | D7: =IF(OR(A7="",C7=0,SUMIF(Abastecimentos!$B$2:$B$500,A7,Abastecimentos!$G$2:$G$500)=0),"",SUMIF(Abastecimentos!$B$2:$B$500,A7,Abastecimentos!$G$2:$G$500)/C7) | E7: =IF(A7="","",SUMIF(Abastecimentos!$B$2:$B$500,A7,Abastecimentos!$F$2:$F$500)) | F7: =IF(A7="","",SUMIF(Viagens!$B$2:$B$500,A7,Viagens!$I$2:$I$500)+SUMIF(Viagens!$B$2:$B$500,A7,Viagens!$J$2:$J$500)) | G7: =IF(A7="","",SUMIF(Viagens!$B$2:$B$500,A7,Viagens!$K$2:$K$500)) | H7: =IF(A7="","",SUMIF('Custos fixos'!$B$2:$B$500,A7,'Custos fixos'!$D$2:$D$500)) | I7: =IF(A7="","",SUM(E7:H7)) | J7: =IF(OR(A7="",B7=0),"",SUM(E7:G7)/B7) | K7: =IF(OR(A7="",B7=0),"",I7/B7) | L7: =IF(A7="","",SUMIF(Viagens!$B$2:$B$500,A7,Viagens!$G$2:$G$500)) | M7: =IF(A7="","",L7-I7)
A8: =IF(Caminhoes!A8="","",Caminhoes!A8) | B8: =IF(A8="","",SUMIF(Viagens!$B$2:$B$500,A8,Viagens!$F$2:$F$500)) | C8: =IF(A8="","",SUMIF(Abastecimentos!$B$2:$B$500,A8,Abastecimentos!$D$2:$D$500)) | D8: =IF(OR(A8="",C8=0,SUMIF(Abastecimentos!$B$2:$B$500,A8,Abastecimentos!$G$2:$G$500)=0),"",SUMIF(Abastecimentos!$B$2:$B$500,A8,Abastecimentos!$G$2:$G$500)/C8) | E8: =IF(A8="","",SUMIF(Abastecimentos!$B$2:$B$500,A8,Abastecimentos!$F$2:$F$500)) | F8: =IF(A8="","",SUMIF(Viagens!$B$2:$B$500,A8,Viagens!$I$2:$I$500)+SUMIF(Viagens!$B$2:$B$500,A8,Viagens!$J$2:$J$500)) | G8: =IF(A8="","",SUMIF(Viagens!$B$2:$B$500,A8,Viagens!$K$2:$K$500)) | H8: =IF(A8="","",SUMIF('Custos fixos'!$B$2:$B$500,A8,'Custos fixos'!$D$2:$D$500)) | I8: =IF(A8="","",SUM(E8:H8)) | J8: =IF(OR(A8="",B8=0),"",SUM(E8:G8)/B8) | K8: =IF(OR(A8="",B8=0),"",I8/B8) | L8: =IF(A8="","",SUMIF(Viagens!$B$2:$B$500,A8,Viagens!$G$2:$G$500)) | M8: =IF(A8="","",L8-I8)
A9: =IF(Caminhoes!A9="","",Caminhoes!A9) | B9: =IF(A9="","",SUMIF(Viagens!$B$2:$B$500,A9,Viagens!$F$2:$F$500)) | C9: =IF(A9="","",SUMIF(Abastecimentos!$B$2:$B$500,A9,Abastecimentos!$D$2:$D$500)) | D9: =IF(OR(A9="",C9=0,SUMIF(Abastecimentos!$B$2:$B$500,A9,Abastecimentos!$G$2:$G$500)=0),"",SUMIF(Abastecimentos!$B$2:$B$500,A9,Abastecimentos!$G$2:$G$500)/C9) | E9: =IF(A9="","",SUMIF(Abastecimentos!$B$2:$B$500,A9,Abastecimentos!$F$2:$F$500)) | F9: =IF(A9="","",SUMIF(Viagens!$B$2:$B$500,A9,Viagens!$I$2:$I$500)+SUMIF(Viagens!$B$2:$B$500,A9,Viagens!$J$2:$J$500)) | G9: =IF(A9="","",SUMIF(Viagens!$B$2:$B$500,A9,Viagens!$K$2:$K$500)) | H9: =IF(A9="","",SUMIF('Custos fixos'!$B$2:$B$500,A9,'Custos fixos'!$D$2:$D$500)) | I9: =IF(A9="","",SUM(E9:H9)) | J9: =IF(OR(A9="",B9=0),"",SUM(E9:G9)/B9) | K9: =IF(OR(A9="",B9=0),"",I9/B9) | L9: =IF(A9="","",SUMIF(Viagens!$B$2:$B$500,A9,Viagens!$G$2:$G$500)) | M9: =IF(A9="","",L9-I9)
A10: =IF(Caminhoes!A10="","",Caminhoes!A10) | B10: =IF(A10="","",SUMIF(Viagens!$B$2:$B$500,A10,Viagens!$F$2:$F$500)) | C10: =IF(A10="","",SUMIF(Abastecimentos!$B$2:$B$500,A10,Abastecimentos!$D$2:$D$500)) | D10: =IF(OR(A10="",C10=0,SUMIF(Abastecimentos!$B$2:$B$500,A10,Abastecimentos!$G$2:$G$500)=0),"",SUMIF(Abastecimentos!$B$2:$B$500,A10,Abastecimentos!$G$2:$G$500)/C10) | E10: =IF(A10="","",SUMIF(Abastecimentos!$B$2:$B$500,A10,Abastecimentos!$F$2:$F$500)) | F10: =IF(A10="","",SUMIF(Viagens!$B$2:$B$500,A10,Viagens!$I$2:$I$500)+SUMIF(Viagens!$B$2:$B$500,A10,Viagens!$J$2:$J$500)) | G10: =IF(A10="","",SUMIF(Viagens!$B$2:$B$500,A10,Viagens!$K$2:$K$500)) | H10: =IF(A10="","",SUMIF('Custos fixos'!$B$2:$B$500,A10,'Custos fixos'!$D$2:$D$500)) | I10: =IF(A10="","",SUM(E10:H10)) | J10: =IF(OR(A10="",B10=0),"",SUM(E10:G10)/B10) | K10: =IF(OR(A10="",B10=0),"",I10/B10) | L10: =IF(A10="","",SUMIF(Viagens!$B$2:$B$500,A10,Viagens!$G$2:$G$500)) | M10: =IF(A10="","",L10-I10)
A11: =IF(Caminhoes!A11="","",Caminhoes!A11) | B11: =IF(A11="","",SUMIF(Viagens!$B$2:$B$500,A11,Viagens!$F$2:$F$500)) | C11: =IF(A11="","",SUMIF(Abastecimentos!$B$2:$B$500,A11,Abastecimentos!$D$2:$D$500)) | D11: =IF(OR(A11="",C11=0,SUMIF(Abastecimentos!$B$2:$B$500,A11,Abastecimentos!$G$2:$G$500)=0),"",SUMIF(Abastecimentos!$B$2:$B$500,A11,Abastecimentos!$G$2:$G$500)/C11) | E11: =IF(A11="","",SUMIF(Abastecimentos!$B$2:$B$500,A11,Abastecimentos!$F$2:$F$500)) | F11: =IF(A11="","",SUMIF(Viagens!$B$2:$B$500,A11,Viagens!$I$2:$I$500)+SUMIF(Viagens!$B$2:$B$500,A11,Viagens!$J$2:$J$500)) | G11: =IF(A11="","",SUMIF(Viagens!$B$2:$B$500,A11,Viagens!$K$2:$K$500)) | H11: =IF(A11="","",SUMIF('Custos fixos'!$B$2:$B$500,A11,'Custos fixos'!$D$2:$D$500)) | I11: =IF(A11="","",SUM(E11:H11)) | J11: =IF(OR(A11="",B11=0),"",SUM(E11:G11)/B11) | K11: =IF(OR(A11="",B11=0),"",I11/B11) | L11: =IF(A11="","",SUMIF(Viagens!$B$2:$B$500,A11,Viagens!$G$2:$G$500)) | M11: =IF(A11="","",L11-I11)
A12: =IF(Caminhoes!A12="","",Caminhoes!A12) | B12: =IF(A12="","",SUMIF(Viagens!$B$2:$B$500,A12,Viagens!$F$2:$F$500)) | C12: =IF(A12="","",SUMIF(Abastecimentos!$B$2:$B$500,A12,Abastecimentos!$D$2:$D$500)) | D12: =IF(OR(A12="",C12=0,SUMIF(Abastecimentos!$B$2:$B$500,A12,Abastecimentos!$G$2:$G$500)=0),"",SUMIF(Abastecimentos!$B$2:$B$500,A12,Abastecimentos!$G$2:$G$500)/C12) | E12: =IF(A12="","",SUMIF(Abastecimentos!$B$2:$B$500,A12,Abastecimentos!$F$2:$F$500)) | F12: =IF(A12="","",SUMIF(Viagens!$B$2:$B$500,A12,Viagens!$I$2:$I$500)+SUMIF(Viagens!$B$2:$B$500,A12,Viagens!$J$2:$J$500)) | G12: =IF(A12="","",SUMIF(Viagens!$B$2:$B$500,A12,Viagens!$K$2:$K$500)) | H12: =IF(A12="","",SUMIF('Custos fixos'!$B$2:$B$500,A12,'Custos fixos'!$D$2:$D$500)) | I12: =IF(A12="","",SUM(E12:H12)) | J12: =IF(OR(A12="",B12=0),"",SUM(E12:G12)/B12) | K12: =IF(OR(A12="",B12=0),"",I12/B12) | L12: =IF(A12="","",SUMIF(Viagens!$B$2:$B$500,A12,Viagens!$G$2:$G$500)) | M12: =IF(A12="","",L12-I12)
A13: =IF(Caminhoes!A13="","",Caminhoes!A13) | B13: =IF(A13="","",SUMIF(Viagens!$B$2:$B$500,A13,Viagens!$F$2:$F$500)) | C13: =IF(A13="","",SUMIF(Abastecimentos!$B$2:$B$500,A13,Abastecimentos!$D$2:$D$500)) | D13: =IF(OR(A13="",C13=0,SUMIF(Abastecimentos!$B$2:$B$500,A13,Abastecimentos!$G$2:$G$500)=0),"",SUMIF(Abastecimentos!$B$2:$B$500,A13,Abastecimentos!$G$2:$G$500)/C13) | E13: =IF(A13="","",SUMIF(Abastecimentos!$B$2:$B$500,A13,Abastecimentos!$F$2:$F$500)) | F13: =IF(A13="","",SUMIF(Viagens!$B$2:$B$500,A13,Viagens!$I$2:$I$500)+SUMIF(Viagens!$B$2:$B$500,A13,Viagens!$J$2:$J$500)) | G13: =IF(A13="","",SUMIF(Viagens!$B$2:$B$500,A13,Viagens!$K$2:$K$500)) | H13: =IF(A13="","",SUMIF('Custos fixos'!$B$2:$B$500,A13,'Custos fixos'!$D$2:$D$500)) | I13: =IF(A13="","",SUM(E13:H13)) | J13: =IF(OR(A13="",B13=0),"",SUM(E13:G13)/B13) | K13: =IF(OR(A13="",B13=0),"",I13/B13) | L13: =IF(A13="","",SUMIF(Viagens!$B$2:$B$500,A13,Viagens!$G$2:$G$500)) | M13: =IF(A13="","",L13-I13)
... A41: =IF(Caminhoes!A41="","",Caminhoes!A41) | B41: =IF(A41="","",SUMIF(Viagens!$B$2:$B$500,A41,Viagens!$F$2:$F$500)) | C41: =IF(A41="","",SUMIF(Abastecimentos!$B$2:$B$500,A41,Abastecimentos!$D$2:$D$500)) | D41: =IF(OR(A41="",C41=0,SUMIF(Abastecimentos!$B$2:$B$500,A41,Abastecimentos!$G$2:$G$500)=0),"",SUMIF(Abastecimentos!$B$2:$B$500,A41,Abastecimentos!$G$2:$G$500)/C41) | E41: =IF(A41="","",SUMIF(Abastecimentos!$B$2:$B$500,A41,Abastecimentos!$F$2:$F$500)) | F41: =IF(A41="","",SUMIF(Viagens!$B$2:$B$500,A41,Viagens!$I$2:$I$500)+SUMIF(Viagens!$B$2:$B$500,A41,Viagens!$J$2:$J$500)) | G41: =IF(A41="","",SUMIF(Viagens!$B$2:$B$500,A41,Viagens!$K$2:$K$500)) | H41: =IF(A41="","",SUMIF('Custos fixos'!$B$2:$B$500,A41,'Custos fixos'!$D$2:$D$500)) | I41: =IF(A41="","",SUM(E41:H41)) | J41: =IF(OR(A41="",B41=0),"",SUM(E41:G41)/B41) | K41: =IF(OR(A41="",B41=0),"",I41/B41) | L41: =IF(A41="","",SUMIF(Viagens!$B$2:$B$500,A41,Viagens!$G$2:$G$500)) | M41: =IF(A41="","",L41-I41)
A44: Esta aba nao se digita: ela le as outras. Se algo estiver vazio, falta lancamento la atras.
A45: CPK variavel = so o que depende de rodar (diesel, pedagio, comissao). CPK total inclui os custos fixos do mes.
A46: Cansou de digitar? O FroX faz isso sozinho: https://site.froxbr.com
A47: A media (km/L) vem dos km entre abastecidas, na aba ABASTECIMENTOS. Ela so aparece a partir do SEGUNDO abastecimento do caminhao.
A48: Os custos fixos sao do MES INTEIRO. Com poucas viagens lancadas o resultado fica negativo — lance o mes completo antes de concluir.
